Quebec Rempart vs Rochester Americans

Created - 13 octobre 2017 at 15:52

Goals
1 2 3 T
Quebec Rempart 2 0 2 4
Rochester Americans 1 2 0 3
Shots
1 2 3 T
Quebec Rempart 12 9 11 32
Rochester Americans 8 8 8 24

1st period

1. Rochester Americans , Adam Tambellini 1 (Peter Holland 4) at 7:53
2. Quebec Rempart , Lauri Korpikoski 1 (Jujhar Khaira 1) at 8:10
3. Quebec Rempart , Lauri Korpikoski 2 (Jujhar Khaira 2, Kevin Czuczman 4) at 8:26

Penalties :
Jujhar Khaira (REM) for Hooking (Minor) at 5:34, Tanner Glass (AMR) for Cross-checking (Minor) at 16:54

2nd period

4. Rochester Americans , Joe Morrow 2 (Seth Griffith 2, Peter Holland 5) at 2:32 (PP)
5. Rochester Americans , Tanner Glass 3 (Seth Griffith 3, Joe Morrow 4) at 2:46

Penalties :
Nick Ebert (REM) for High sticking (Minor) at 2:15

3rd period

6. Quebec Rempart , Lauri Korpikoski 3 (Jujhar Khaira 3, Ryan Kujawinski 1) at 0:12
7. Quebec Rempart , Dmytro Timashov 2 (Nick Seeler 1) at 3:17

Penalties :
Dmytro Timashov (REM) for Boarding (Minor) at 12:56, Philip Samuelsson (AMR) for Roughing (Minor) at 18:45

Goalie Stats

Michael Leighton (REM), 21 saves from 24 shots - (0,875), W, 1-0-0, 60:00 minutes
David Rittich (AMR), 28 saves from 32 shots - (0,875), L, 1-1-1, 60:00 minutes

Players Stats for Quebec Rempart

Player Name              G  A  P  +/- PIM S  H  SB GA TA FO     MP     PP MP  PK MP  
------------------------------------------------------------------------------------
Andrew Bodnarchuk        0  0  0   1  0   1  0  0  0  0  0/0    12:27   0:00   0:00 
Brendan Lemieux          0  0  0   0  0   0  2  0  0  0  0/2     5:41   0:03   0:41 
Colton Hargrove          0  0  0   0  0   0  1  0  0  0  0/1    10:12   0:00   0:00 
Dan DeSalvo              0  0  0   1  0   0  0  0  1  0  1/1     9:48   0:15   0:11 
Denis Malgin             0  0  0   0  0   2  0  0  0  0  1/2    11:38   0:00   1:11 
Dmytro Timashov          1  0  1   0  2   1  2  0  1  0  1/1    15:53   1:30   0:00 
Jujhar Khaira            0  3  3   2  2   6  1  1  0  0  2/2    19:20   1:40   0:30 
Kevin Czuczman           0  1  1   1  0   0  1  0  0  2  0/0    26:01   1:49   2:38 
Lauri Korpikoski         3  0  3   2  0   7  2  0  3  3  4/25   25:16   1:31   2:22 
Mark Jankowski           0  0  0  -1  0   2  2  1  0  0  4/9    21:50   1:30   2:10 
Michael Joly             0  0  0   0  0   1  1  1  0  0  0/0    15:36   1:30   0:00 
Nick Ebert               0  0  0   0  2   0  1  1  0  1  0/0    20:56   1:24   1:20 
Nick Moutrey             0  0  0   0  0   0  3  0  0  0  0/0     9:42   0:00   0:00 
Nick Seeler              0  1  1   1  0   0  1  1  0  0  0/0    12:14   0:00   0:17 
Roland McKeown           0  0  0   0  0   1  2  0  0  0  0/0    21:26   1:24   1:37 
Ryan Kujawinski          0  1  1   2  0   2  4  0  0  0  0/1    18:50   1:40   0:00 
Tanner Fritz             0  0  0   0  0   4  4  0  0  0  0/4    11:59   0:00   1:25 
Yohann Auvitu            0  0  0   1  0   5  0  0  0  1  0/0    26:06   1:49   2:38 

Players Stats for Rochester Americans

Player Name              G  A  P  +/- PIM S  H  SB GA TA FO     MP     PP MP  PK MP  
------------------------------------------------------------------------------------
Adam Tambellini          1  0  1   1  0   3  1  0  0  1  5/5    13:04   0:00   0:13 
Alex Broadhurst          0  0  0  -1  0   0  0  0  1  0  5/5    14:54   0:00   1:29 
Austin Carroll           0  0  0   0  0   0  1  0  0  1  0/0    19:55   2:37   0:00 
Brett Lernout            0  0  0  -2  0   1  0  2  0  0  0/0    22:31   1:34   2:00 
Brock McGinn             0  0  0   0  0   3  1  0  1  0  0/0    20:45   2:37   0:59 
Dominik Masin            0  0  0  -1  0   0  0  0  0  0  0/0     7:48   0:00   0:00 
Jarred Tinordi           0  0  0   1  0   0  1  0  0  0  0/0    11:15   0:00   0:00 
Joe Morrow               1  1  2  -2  0   4  0  0  0  2  0/0    22:31   1:34   2:00 
Linus Arnesson           0  0  0   0  0   0  0  0  0  0  0/0     1:04   0:00   0:00 
Markus Nutivaara         0  0  0   0  0   0  3  1  0  0  0/0    19:11   2:41   1:13 
Michael Chaput           0  0  0   0  0   1  1  0  0  0  7/10   19:55   2:37   0:16 
Peter Holland            0  2  2  -1  0   3  3  0  3  0  16/23  23:42   1:38   1:34 
Philip Samuelsson        0  0  0   1  2   0  0  0  0  0  0/0    10:32   0:00   0:00 
Sam Jardine              0  0  0  -1  0   0  0  0  0  0  0/0     7:48   0:00   0:00 
Seth Griffith            0  2  2  -2  0   4  0  0  0  0  1/2    14:46   1:38   0:00 
Steven Kampfer           0  0  0   0  0   0  1  0  0  1  0/0    19:11   2:41   1:13 
Tanner Glass             1  0  1  -3  2   2  2  0  2  0  1/2    22:39   1:38   0:45 
Tim Bozon                0  0  0  -1  0   0  0  0  0  0  0/0    10:35   0:00   0:00 
Tyler Bertuzzi           0  0  0   1  0   3  0  0  0  0  0/1    14:39   0:00   1:10 

3 Stars

1 - Lauri Korpikoski (REM)
2 - Jujhar Khaira (REM)
3 - Ryan Kujawinski (REM)

Power Play

Quebec Rempart - 0 on 2 Attempt(s) - 0,00%
Rochester Americans - 1 on 3 Attempt(s) - 33,33%

Penalty Kill

Quebec Rempart - 2 on 3 Attempt(s) - 66,67% - Score 0 goal in Penalty Kill
Rochester Americans - 2 on 2 Attempt(s) - 100,00% - Score 0 goal in Penalty Kill

Team Stat

Quebec Rempart - Hits : 27 - Faceoff Wins : 13 - Blocked Shots : 5 - Penalty Minutes : 6
Rochester Americans - Hits : 14 - Faceoff Wins : 35 - Blocked Shots : 3 - Penalty Minutes : 4

Official

Referees : Chris Rooney and Rob Martell
Linesman : David Brisebois and Kiel Murchison

Game Notes

Lauri Korpikoski has scored a Hat Trick!

Finance

Level 1 -- Attendance: 1595 (79,75%) -- Ticket Income 55 825 $
Level 2 -- Attendance: 718 (71,80%) -- Ticket Income 10 770 $
Total Attendance: 2313 (77,10%)
Total Ticket Income: 66 595 $
Other Income: 32 632 $
Total Income: 99 227 $

Quebec Rempart

5 vs 5 Forward 
   Center                   Left Wing                Right Wing               Time % Phy DF OF 
 1 Lauri Korpikoski         Jujhar Khaira            Ryan Kujawinski          40     1   2  2  
 2 Mark Jankowski           Dmytro Timashov          Michael Joly             30     1   2  2  
 3 Denis Malgin             Colton Hargrove          Lauri Korpikoski         20     1   2  2  
 4 Tanner Fritz             Nick Moutrey             Mark Jankowski           10     1   2  2  

5 vs 5 Defense 
   Defense                  Defense                                           Time % Phy DF OF 
 1 Kevin Czuczman           Yohann Auvitu                                     40     1   2  2  
 2 Roland McKeown           Nick Ebert                                        30     1   2  2  
 3 Andrew Bodnarchuk        Nick Seeler                                       20     1   2  2  
 4 Kevin Czuczman           Yohann Auvitu                                     10     1   2  2  

PowerPlay Forward 
   Center                   Left Wing                Right Wing               Time % Phy DF OF 
 1 Lauri Korpikoski         Jujhar Khaira            Ryan Kujawinski          60     1   2  2  
 2 Mark Jankowski           Dmytro Timashov          Michael Joly             40     1   2  2  

PowerPlay Defense
   Defense                  Defense                                           Time % Phy DF OF 
 1 Kevin Czuczman           Yohann Auvitu                                     60     1   2  2  
 2 Roland McKeown           Nick Ebert                                        40     1   2  2  

Penalty Kill 4 Players Forward 
   Center                   Wing                     Time % Phy DF OF 
 1 Lauri Korpikoski         Mark Jankowski           60     1   2  2  
 2 Jujhar Khaira            Denis Malgin             40     1   2  2  

Penalty Kill 4 Players Defense
   Defense                  Defense                  Time % Phy DF OF 
 1 Kevin Czuczman           Yohann Auvitu            60     1   2  2  
 2 Roland McKeown           Nick Ebert               40     1   2  2  

Penalty Kill - 3 Players Forward 
   Forward                                           Time % Phy DF OF 
 1 Lauri Korpikoski                                  60     1   2  2  
 2 Mark Jankowski                                    40     1   2  2  

Penalty Kill - 3 Players Defense
   Defense                  Defense                  Time % Phy DF OF 
 1 Kevin Czuczman           Yohann Auvitu            60     1   2  2  
 2 Roland McKeown           Nick Ebert               40     1   2  2  

4 vs 4 Forward 
   Center                   Wing                     Time % Phy DF OF 
 1 Lauri Korpikoski         Mark Jankowski           60     1   2  2  
 2 Jujhar Khaira            Denis Malgin             40     1   2  2  

4 vs 4 Defense
   Defense                  Defense                  Time % Phy DF OF 
 1 Kevin Czuczman           Yohann Auvitu            60     1   2  2  
 2 Roland McKeown           Nick Ebert               40     1   2  2  

Last Minutes Offensive
   Center                   Left Wing                Right Wing               Defense                  Defense                  
   Lauri Korpikoski         Jujhar Khaira            Ryan Kujawinski          Kevin Czuczman           Yohann Auvitu            

Last Minutes Defensive
   Center                   Left Wing                Right Wing               Defense                  Defense                  
   Lauri Korpikoski         Jujhar Khaira            Ryan Kujawinski          Kevin Czuczman           Yohann Auvitu            

Goaltenders
Starting : Michael Leighton         
Backup : Reto Berra               

Extra Forwards
Normal : Dan DeSalvo, Brendan Lemieux, Tanner Fritz - PP : Dan DeSalvo, Brendan Lemieux - PK : Tanner Fritz
Extra Defensemen
Normal : Andrew Bodnarchuk, Nick Seeler, Roland McKeown - PP : Andrew Bodnarchuk - PK : Nick Seeler, Roland McKeown
Penalty Shots
Lauri Korpikoski, Mark Jankowski, Jujhar Khaira, Denis Malgin, Tanner Fritz

Scratches
Peter Cehlarik (Healthy), Milan Michalek (Broken Bone (Left Ankle) Injury), JC Lipon (Healthy), Joseph LaBate (Healthy)

Rochester Americans

5 vs 5 Forward 
   Center                   Left Wing                Right Wing               Time % Phy DF OF 
 1 Peter Holland            Tanner Glass             Seth Griffith            40     1   2  2  
 2 Michael Chaput           Brock McGinn             Austin Carroll           30     1   2  2  
 3 Adam Tambellini          Tyler Bertuzzi           Peter Holland            20     1   2  2  
 4 Alex Broadhurst          Tim Bozon                Tanner Glass             10     1   2  2  

5 vs 5 Defense 
   Defense                  Defense                                           Time % Phy DF OF 
 1 Joe Morrow               Brett Lernout                                     40     1   2  2  
 2 Steven Kampfer           Markus Nutivaara                                  30     1   2  2  
 3 Philip Samuelsson        Jarred Tinordi                                    20     1   2  2  
 4 Dominik Masin            Sam Jardine                                       10     1   2  2  

PowerPlay Forward 
   Center                   Left Wing                Right Wing               Time % Phy DF OF 
 1 Peter Holland            Tanner Glass             Seth Griffith            60     1   2  2  
 2 Michael Chaput           Brock McGinn             Austin Carroll           40     1   2  2  

PowerPlay Defense
   Defense                  Defense                                           Time % Phy DF OF 
 1 Joe Morrow               Brett Lernout                                     60     1   2  2  
 2 Steven Kampfer           Markus Nutivaara                                  40     1   2  2  

Penalty Kill 4 Players Forward 
   Center                   Wing                     Time % Phy DF OF 
 1 Peter Holland            Tanner Glass             60     1   2  2  
 2 Brock McGinn             Michael Chaput           40     1   2  2  

Penalty Kill 4 Players Defense
   Defense                  Defense                  Time % Phy DF OF 
 1 Joe Morrow               Brett Lernout            60     1   2  2  
 2 Steven Kampfer           Markus Nutivaara         40     1   2  2  

Penalty Kill - 3 Players Forward 
   Forward                                           Time % Phy DF OF 
 1 Peter Holland                                     60     1   2  2  
 2 Tanner Glass                                      40     1   2  2  

Penalty Kill - 3 Players Defense
   Defense                  Defense                  Time % Phy DF OF 
 1 Joe Morrow               Brett Lernout            60     1   2  2  
 2 Steven Kampfer           Markus Nutivaara         40     1   2  2  

4 vs 4 Forward 
   Center                   Wing                     Time % Phy DF OF 
 1 Peter Holland            Tanner Glass             60     1   2  2  
 2 Brock McGinn             Michael Chaput           40     1   2  2  

4 vs 4 Defense
   Defense                  Defense                  Time % Phy DF OF 
 1 Joe Morrow               Brett Lernout            60     1   2  2  
 2 Steven Kampfer           Markus Nutivaara         40     1   2  2  

Last Minutes Offensive
   Center                   Left Wing                Right Wing               Defense                  Defense                  
   Peter Holland            Tanner Glass             Seth Griffith            Joe Morrow               Brett Lernout            

Last Minutes Defensive
   Center                   Left Wing                Right Wing               Defense                  Defense                  
   Peter Holland            Tanner Glass             Seth Griffith            Joe Morrow               Brett Lernout            

Goaltenders
Starting : David Rittich            
Backup : Andrew Hammond           

Extra Forwards
Normal : Tyler Bertuzzi, Adam Tambellini, Alex Broadhurst - PP : Tyler Bertuzzi, Adam Tambellini - PK : Alex Broadhurst
Extra Defensemen
Normal : Linus Arnesson, Philip Samuelsson, Jarred Tinordi - PP : Linus Arnesson - PK : Philip Samuelsson, Jarred Tinordi
Penalty Shots
Peter Holland, Tanner Glass, Brock McGinn, Michael Chaput, Tyler Bertuzzi

Scratches
Anton Blidh (Healthy), Mason Geertsen (Healthy)

% Time on Ice - Quebec Rempart

Lines # - Real PCT - Wanted PCT - Time Play
Normal Forward
1 - 33% - 40% - 17:19
2 - 32% - 30% - 16:45
3 - 18% - 20% - 9:20
4 - 17% - 10% - 9:08
Normal Defense
1 - 38% - 40% - 19:59
2 - 35% - 30% - 18:13
3 - 22% - 20% - 11:41
4 - 5% - 10% - 2:39
PP Forward
1 - 53% - 60% - 1:43
2 - 47% - 40% - 1:30
PP Defense
1 - 56% - 60% - 1:49
2 - 44% - 40% - 1:24
PK Forward
1 - 72% - 60% - 3:04
2 - 28% - 40% - 1:11
PK Defense
1 - 62% - 60% - 2:38
2 - 38% - 40% - 1:37
PK3 Forward
1 - 0% - 60%
2 - 0% - 40%
PK3 Defense
1 - 0% - 60%
2 - 0% - 40%
44 Forward
1 - 0% - 60%
2 - 0% - 40%
44 Defense
1 - 0% - 60%
2 - 0% - 40%
Last Minute Offensive  - 0:00
Last Minute Defensive  - 0:00
Total
Forward - 60:00
Defense - 60:00

% Time on Ice - Rochester Americans

Lines # - Real PCT - Wanted PCT - Time Play
Normal Forward
1 - 25% - 40% - 13:14
2 - 36% - 30% - 18:47
3 - 20% - 20% - 10:43
4 - 19% - 10% - 9:48
Normal Defense
1 - 36% - 40% - 18:57
2 - 29% - 30% - 15:17
3 - 20% - 20% - 10:30
4 - 15% - 10% - 7:48
PP Forward
1 - 38% - 60% - 1:38
2 - 62% - 40% - 2:37
PP Defense
1 - 37% - 60% - 1:34
2 - 63% - 40% - 2:41
PK Forward
1 - 92% - 60% - 2:57
2 - 8% - 40% - 0:16
PK Defense
1 - 62% - 60% - 2:00
2 - 38% - 40% - 1:13
PK3 Forward
1 - 0% - 60%
2 - 0% - 40%
PK3 Defense
1 - 0% - 60%
2 - 0% - 40%
44 Forward
1 - 0% - 60%
2 - 0% - 40%
44 Defense
1 - 0% - 60%
2 - 0% - 40%
Last Minute Offensive  - 0:00
Last Minute Defensive  - 0:00
Total
Forward - 60:00
Defense - 60:00

Play by Play

1st period


0:01 of 1st period - Peter Holland wins face-off versus Lauri Korpikoski in neutral zone.
0:10 of 1st period - Wrist shot by Seth Griffith.
0:10 of 1st period - Shot Misses the Net.
0:34 of 1st period - Icing by Brett Lernout.
0:35 of 1st period - Michael Chaput wins face-off versus Tanner Fritz in Rochester Americans zone.
1:19 of 1st period - Off-side.
1:20 of 1st period - Alex Broadhurst wins face-off versus Mark Jankowski in neutral zone.
1:45 of 1st period - Adam Tambellini is hit by Ryan Kujawinski and loses puck.
3:21 of 1st period - Snap shot by Tanner Fritz.
3:21 of 1st period - Stopped by David Rittich without a rebound.
3:22 of 1st period - Alex Broadhurst wins face-off versus Tanner Fritz in Rochester Americans zone.
3:22 of 1st period - Alex Broadhurst is hit by Kevin Czuczman.
3:36 of 1st period - Icing by Steven Kampfer.
3:37 of 1st period - Alex Broadhurst wins face-off versus Lauri Korpikoski in Rochester Americans zone.
3:43 of 1st period - Slapshot by Lauri Korpikoski.
3:43 of 1st period - Stopped by David Rittich without a rebound.
3:44 of 1st period - Michael Chaput wins face-off versus Lauri Korpikoski in Rochester Americans zone.
3:44 of 1st period - Michael Chaput is hit by Jujhar Khaira.
3:50 of 1st period - Wrist shot by Brock McGinn.
3:50 of 1st period - Stopped by Michael Leighton with a rebound.
3:52 of 1st period - Slapshot by Joe Morrow.
3:52 of 1st period - Stopped by Michael Leighton with a rebound.
3:54 of 1st period - Slapshot by Joe Morrow.
3:54 of 1st period - Stopped by Michael Leighton with a rebound.
4:57 of 1st period - Tanner Glass is hit by Mark Jankowski and loses puck.
5:34 of 1st period - Minor Penalty to Jujhar Khaira for Hooking.
5:35 of 1st period - Michael Chaput wins face-off versus Lauri Korpikoski in Quebec Rempart zone.
5:40 of 1st period - Slapshot by Brock McGinn.
5:40 of 1st period - Shot Hit the Post.
5:46 of 1st period - Wrist shot by Brock McGinn.
5:46 of 1st period - Stopped by Michael Leighton without a rebound.
5:47 of 1st period - Peter Holland wins face-off versus Lauri Korpikoski in Quebec Rempart zone.
6:12 of 1st period - Lauri Korpikoski is hit by Michael Chaput and loses puck.
7:34 of 1st period - Penalty to Jujhar Khaira is over, Jujhar Khaira is back on ice.
7:45 of 1st period - Wrist shot by Adam Tambellini.
7:45 of 1st period - Stopped by Michael Leighton with a rebound.
7:47 of 1st period - Wrist shot by Adam Tambellini.
7:47 of 1st period - Stopped by Michael Leighton without a rebound.
7:48 of 1st period - Adam Tambellini wins face-off versus Mark Jankowski in Quebec Rempart zone.
7:49 of 1st period - Slapshot by Peter Holland.
7:49 of 1st period - Shot Blocked by Michael Joly.
7:51 of 1st period - Slapshot by Adam Tambellini.
7:51 of 1st period - Shot Misses the Net.
7:53 of 1st period - Wrist shot by Adam Tambellini.
7:53 of 1st period - Goal by Adam Tambellini - Quebec Rempart : 0 - Rochester Americans : 1.
7:54 of 1st period - Peter Holland wins face-off versus Lauri Korpikoski in neutral zone.
8:06 of 1st period - Snap shot by Jujhar Khaira.
8:06 of 1st period - Stopped by David Rittich with a rebound.
8:08 of 1st period - Wrist shot by Jujhar Khaira.
8:08 of 1st period - Stopped by David Rittich with a rebound.
8:10 of 1st period - Wrist shot by Lauri Korpikoski.
8:10 of 1st period - Goal by Lauri Korpikoski - Quebec Rempart : 1 - Rochester Americans : 1.
8:11 of 1st period - Peter Holland wins face-off versus Ryan Kujawinski in neutral zone.
8:20 of 1st period - Wrist shot by Jujhar Khaira.
8:20 of 1st period - Stopped by David Rittich with a rebound.
8:22 of 1st period - Snap shot by Lauri Korpikoski.
8:22 of 1st period - Deflect By Jujhar Khaira.
8:22 of 1st period - Stopped by David Rittich with a rebound.
8:24 of 1st period - Wrist shot by Lauri Korpikoski.
8:24 of 1st period - Shot Misses the Net.
8:26 of 1st period - Snap shot by Lauri Korpikoski.
8:26 of 1st period - Goal by Lauri Korpikoski - Quebec Rempart : 2 - Rochester Americans : 1.
8:27 of 1st period - Jujhar Khaira wins face-off versus Seth Griffith in neutral zone.
8:37 of 1st period - Snap shot by Lauri Korpikoski.
8:37 of 1st period - Stopped by David Rittich without a rebound.
8:38 of 1st period - Mark Jankowski wins face-off versus Peter Holland in Rochester Americans zone.
8:41 of 1st period - Snap shot by Michael Joly.
8:41 of 1st period - Stopped by David Rittich with a rebound.
10:19 of 1st period - Slapshot by Jujhar Khaira.
10:19 of 1st period - Stopped by David Rittich with a rebound.
10:46 of 1st period - Slapshot by Brock McGinn.
10:46 of 1st period - Stopped by Michael Leighton without a rebound.
10:47 of 1st period - Peter Holland wins face-off versus Denis Malgin in Quebec Rempart zone.
10:58 of 1st period - Seth Griffith is hit by Lauri Korpikoski and loses puck.
11:37 of 1st period - Alex Broadhurst is hit by Nick Moutrey and loses puck.
12:33 of 1st period - Off-side.
12:34 of 1st period - Michael Chaput wins face-off versus Brendan Lemieux in neutral zone.
12:47 of 1st period - Snap shot by Brock McGinn.
12:47 of 1st period - Shot Blocked by Nick Seeler.
13:24 of 1st period - Wrist shot by Denis Malgin.
13:24 of 1st period - Stopped by David Rittich without a rebound.
13:25 of 1st period - Adam Tambellini wins face-off versus Colton Hargrove in Rochester Americans zone.
14:00 of 1st period - Wrist shot by Austin Carroll.
14:00 of 1st period - Shot Blocked by Mark Jankowski.
14:18 of 1st period - Alex Broadhurst is hit by Ryan Kujawinski and loses puck.
14:53 of 1st period - Mark Jankowski is hit by Adam Tambellini and loses puck.
16:31 of 1st period - Snap shot by Jujhar Khaira.
16:31 of 1st period - Shot Misses the Net.
16:54 of 1st period - Minor Penalty to Tanner Glass for Cross-checking.
16:55 of 1st period - Peter Holland wins face-off versus Lauri Korpikoski in Rochester Americans zone.
17:20 of 1st period - Peter Holland is hit by Mark Jankowski and loses puck.
17:36 of 1st period - Brett Lernout is hit by Ryan Kujawinski and loses puck.
18:54 of 1st period - Penalty to Tanner Glass is over, Tanner Glass is back on ice.
18:58 of 1st period - Off-side.
18:59 of 1st period - Denis Malgin wins face-off versus Tanner Glass in neutral zone.
19:50 of 1st period - Wrist shot by Tyler Bertuzzi.
19:50 of 1st period - Shot Blocked by Nick Ebert.
19:52 of 1st period - Backhand shot by Steven Kampfer.
19:52 of 1st period - Shot Misses the Net.
Goals for this period are 2 for Quebec Rempart vs 1 for Rochester Americans.
Shots for this period are 12 for Quebec Rempart vs 8 for Rochester Americans.

2nd period


0:01 of 2nd period - Peter Holland wins face-off versus Lauri Korpikoski in neutral zone.
0:14 of 2nd period - Slapshot by Peter Holland.
0:14 of 2nd period - Stopped by Michael Leighton without a rebound.
0:15 of 2nd period - Peter Holland wins face-off versus Mark Jankowski in Quebec Rempart zone.
0:45 of 2nd period - Lauri Korpikoski is hit by Austin Carroll and loses puck.
1:00 of 2nd period - Tyler Bertuzzi is hit by Tanner Fritz and loses puck.
2:07 of 2nd period - Sam Jardine is hit by Tanner Fritz and loses puck.
2:15 of 2nd period - Minor Penalty to Nick Ebert for High sticking.
2:16 of 2nd period - Peter Holland wins face-off versus Lauri Korpikoski in Quebec Rempart zone.
2:22 of 2nd period - Wrist shot by Seth Griffith.
2:22 of 2nd period - Deflect By Peter Holland.
2:22 of 2nd period - Shot Misses the Net.
2:22 of 2nd period - Puck is out of play.
2:23 of 2nd period - Peter Holland wins face-off versus Lauri Korpikoski in Quebec Rempart zone.
2:28 of 2nd period - Wrist shot by Seth Griffith.
2:28 of 2nd period - Shot Misses the Net.
2:30 of 2nd period - Slapshot by Joe Morrow.
2:30 of 2nd period - Shot Misses the Net.
2:32 of 2nd period - Slapshot by Joe Morrow.
2:32 of 2nd period - Goal by Joe Morrow - Quebec Rempart : 2 - Rochester Americans : 2.
2:33 of 2nd period - Peter Holland wins face-off versus Lauri Korpikoski in neutral zone.
2:44 of 2nd period - Wrist shot by Seth Griffith.
2:44 of 2nd period - Shot Misses the Net.
2:46 of 2nd period - Slapshot by Tanner Glass.
2:46 of 2nd period - Goal by Tanner Glass - Quebec Rempart : 2 - Rochester Americans : 3.
2:47 of 2nd period - Peter Holland wins face-off versus Lauri Korpikoski in neutral zone.
3:19 of 2nd period - Snap shot by Michael Chaput.
3:19 of 2nd period - Stopped by Michael Leighton without a rebound.
3:20 of 2nd period - Lauri Korpikoski wins face-off versus Michael Chaput in Quebec Rempart zone.
3:20 of 2nd period - Lauri Korpikoski is hit by Steven Kampfer.
3:46 of 2nd period - Roland McKeown is hit by Tanner Glass and loses puck.
3:59 of 2nd period - Snap shot by Lauri Korpikoski.
3:59 of 2nd period - Stopped by David Rittich with a rebound.
4:01 of 2nd period - Wrist shot by Ryan Kujawinski.
4:01 of 2nd period - Stopped by David Rittich with a rebound.
4:17 of 2nd period - Snap shot by Seth Griffith.
4:17 of 2nd period - Stopped by Michael Leighton with a rebound.
4:51 of 2nd period - Snap shot by Jujhar Khaira.
4:51 of 2nd period - Deflect By Lauri Korpikoski.
4:51 of 2nd period - Stopped by David Rittich with a rebound.
4:53 of 2nd period - Slapshot by Yohann Auvitu.
4:53 of 2nd period - Stopped by David Rittich without a rebound.
4:54 of 2nd period - Michael Chaput wins face-off versus Mark Jankowski in Rochester Americans zone.
5:13 of 2nd period - Nick Ebert is hit by Brock McGinn and loses puck.
7:34 of 2nd period - Icing by Alex Broadhurst.
7:35 of 2nd period - Alex Broadhurst wins face-off versus Brendan Lemieux in Rochester Americans zone.
7:55 of 2nd period - Wrist shot by Tanner Fritz.
7:55 of 2nd period - Deflect By Mark Jankowski.
7:55 of 2nd period - Shot Blocked by Markus Nutivaara.
7:55 of 2nd period - Puck is out of play.
7:56 of 2nd period - Adam Tambellini wins face-off versus Tanner Fritz in Rochester Americans zone.
7:56 of 2nd period - Adam Tambellini is hit by Tanner Fritz.
8:02 of 2nd period - Tyler Bertuzzi is hit by Nick Ebert and loses puck.
8:51 of 2nd period - Snap shot by Lauri Korpikoski.
8:51 of 2nd period - Shot Misses the Net.
9:25 of 2nd period - Icing by Roland McKeown.
9:26 of 2nd period - Adam Tambellini wins face-off versus Tanner Fritz in Quebec Rempart zone.
9:33 of 2nd period - Snap shot by Tyler Bertuzzi.
9:33 of 2nd period - Stopped by Michael Leighton with a rebound.
9:35 of 2nd period - Wrist shot by Tyler Bertuzzi.
9:35 of 2nd period - Stopped by Michael Leighton without a rebound.
9:36 of 2nd period - Michael Chaput wins face-off versus Lauri Korpikoski in Quebec Rempart zone.
9:59 of 2nd period - Icing by Lauri Korpikoski.
10:00 of 2nd period - Lauri Korpikoski wins face-off versus Peter Holland in Quebec Rempart zone.
10:13 of 2nd period - Slapshot by Yohann Auvitu.
10:13 of 2nd period - Stopped by David Rittich without a rebound.
10:14 of 2nd period - Peter Holland wins face-off versus Mark Jankowski in Rochester Americans zone.
10:19 of 2nd period - Slapshot by Mark Jankowski.
10:19 of 2nd period - Stopped by David Rittich with a rebound.
10:39 of 2nd period - Brock McGinn is hit by Colton Hargrove and loses puck.
10:48 of 2nd period - Snap shot by Joe Morrow.
10:48 of 2nd period - Stopped by Michael Leighton with a rebound.
10:57 of 2nd period - Off-side.
10:58 of 2nd period - Adam Tambellini wins face-off versus Lauri Korpikoski in neutral zone.
12:15 of 2nd period - Jujhar Khaira is hit by Markus Nutivaara and loses puck.
13:32 of 2nd period - Snap shot by Michael Chaput.
13:32 of 2nd period - Deflect By Austin Carroll.
13:32 of 2nd period - Shot Misses the Net.
13:32 of 2nd period - Puck is out of play.
13:33 of 2nd period - Dmytro Timashov wins face-off versus Peter Holland in Quebec Rempart zone.
13:42 of 2nd period - Snap shot by Mark Jankowski.
13:42 of 2nd period - Stopped by David Rittich with a rebound.
13:44 of 2nd period - Slapshot by Yohann Auvitu.
13:44 of 2nd period - Stopped by David Rittich with a rebound.
14:43 of 2nd period - Tyler Bertuzzi is hit by Tanner Fritz and loses puck.
15:42 of 2nd period - Wrist shot by Denis Malgin.
15:42 of 2nd period - Stopped by David Rittich with a rebound.
16:28 of 2nd period - Sam Jardine is hit by Dmytro Timashov and loses puck.
Goals for this period are 0 for Quebec Rempart vs 2 for Rochester Americans.
Shots for this period are 9 for Quebec Rempart vs 8 for Rochester Americans.

3rd period


0:01 of 3rd period - Peter Holland wins face-off versus Lauri Korpikoski in neutral zone.
0:12 of 3rd period - Wrist shot by Lauri Korpikoski.
0:12 of 3rd period - Goal by Lauri Korpikoski - Quebec Rempart : 3 - Rochester Americans : 3.
0:13 of 3rd period - Tanner Glass wins face-off versus Lauri Korpikoski in neutral zone.
0:16 of 3rd period - Snap shot by Peter Holland.
0:16 of 3rd period - Stopped by Michael Leighton without a rebound.
0:17 of 3rd period - Peter Holland wins face-off versus Lauri Korpikoski in Quebec Rempart zone.
0:18 of 3rd period - Slapshot by Seth Griffith.
0:18 of 3rd period - Stopped by Michael Leighton with a rebound.
0:20 of 3rd period - Slapshot by Peter Holland.
0:20 of 3rd period - Stopped by Michael Leighton without a rebound.
0:21 of 3rd period - Peter Holland wins face-off versus Lauri Korpikoski in Quebec Rempart zone.
0:26 of 3rd period - Snap shot by Seth Griffith.
0:26 of 3rd period - Deflect By Tanner Glass.
0:26 of 3rd period - Stopped by Michael Leighton with a rebound.
0:28 of 3rd period - Slapshot by Seth Griffith.
0:28 of 3rd period - Stopped by Michael Leighton with a rebound.
0:30 of 3rd period - Snap shot by Brett Lernout.
0:30 of 3rd period - Stopped by Michael Leighton with a rebound.
0:32 of 3rd period - Snap shot by Seth Griffith.
0:32 of 3rd period - Stopped by Michael Leighton with a rebound.
1:12 of 3rd period - Tim Bozon is hit by Lauri Korpikoski and loses puck.
1:40 of 3rd period - Jarred Tinordi is hit by Nick Seeler and loses puck.
2:19 of 3rd period - Snap shot by Jujhar Khaira.
2:19 of 3rd period - Stopped by David Rittich with a rebound.
3:17 of 3rd period - Backhand shot by Dmytro Timashov.
3:17 of 3rd period - Goal by Dmytro Timashov - Quebec Rempart : 4 - Rochester Americans : 3.
3:18 of 3rd period - Mark Jankowski wins face-off versus Michael Chaput in neutral zone.
3:43 of 3rd period - Roland McKeown is hit by Tanner Glass.
4:07 of 3rd period - Peter Holland is hit by Nick Moutrey and loses puck.
5:15 of 3rd period - Snap shot by Dan DeSalvo.
5:15 of 3rd period - Shot Misses the Net.
5:17 of 3rd period - Slapshot by Roland McKeown.
5:17 of 3rd period - Stopped by David Rittich with a rebound.
5:19 of 3rd period - Slapshot by Nick Ebert.
5:19 of 3rd period - Deflect By Tanner Fritz.
5:19 of 3rd period - Stopped by David Rittich with a rebound.
5:29 of 3rd period - Brock McGinn is hit by Michael Joly.
5:39 of 3rd period - Slapshot by Peter Holland.
5:39 of 3rd period - Shot Blocked by Jujhar Khaira.
6:25 of 3rd period - Slapshot by Tanner Fritz.
6:25 of 3rd period - Shot Misses the Net.
6:27 of 3rd period - Snap shot by Brendan Lemieux.
6:27 of 3rd period - Shot Blocked by Brett Lernout.
6:29 of 3rd period - Snap shot by Nick Moutrey.
6:29 of 3rd period - Shot Misses the Net.
6:31 of 3rd period - Wrist shot by Tanner Fritz.
6:31 of 3rd period - Stopped by David Rittich without a rebound.
6:32 of 3rd period - Michael Chaput wins face-off versus Lauri Korpikoski in Rochester Americans zone.
6:55 of 3rd period - Mark Jankowski is hit by Markus Nutivaara and loses puck.
7:04 of 3rd period - Yohann Auvitu is hit by Peter Holland and loses puck.
8:00 of 3rd period - Off-side.
8:01 of 3rd period - Mark Jankowski wins face-off versus Michael Chaput in neutral zone.
10:42 of 3rd period - Dominik Masin is hit by Nick Moutrey and loses puck.
10:57 of 3rd period - Dominik Masin is hit by Brendan Lemieux and loses puck.
11:04 of 3rd period - Michael Chaput is hit by Brendan Lemieux and loses puck.
11:19 of 3rd period - Snap shot by Alex Broadhurst.
11:19 of 3rd period - Deflect By Denis Malgin.
11:19 of 3rd period - Shot Misses the Net.
11:19 of 3rd period - Puck is out of play.
11:20 of 3rd period - Alex Broadhurst wins face-off versus Lauri Korpikoski in Quebec Rempart zone.
11:20 of 3rd period - Markus Nutivaara is hit by Roland McKeown and loses puck.
11:27 of 3rd period - Snap shot by Tim Bozon.
11:27 of 3rd period - Shot Misses the Net.
11:45 of 3rd period - Wrist shot by Tyler Bertuzzi.
11:45 of 3rd period - Stopped by Michael Leighton without a rebound.
11:46 of 3rd period - Mark Jankowski wins face-off versus Peter Holland in Quebec Rempart zone.
11:46 of 3rd period - Mark Jankowski is hit by Peter Holland.
12:45 of 3rd period - Slapshot by Tanner Fritz.
12:45 of 3rd period - Stopped by David Rittich with a rebound.
12:56 of 3rd period - Minor Penalty to Dmytro Timashov for Boarding.
12:57 of 3rd period - Lauri Korpikoski wins face-off versus Peter Holland in Quebec Rempart zone.
13:05 of 3rd period - Snap shot by Seth Griffith.
13:05 of 3rd period - Shot Misses the Net.
13:51 of 3rd period - Denis Malgin is hit by Markus Nutivaara and loses puck.
14:49 of 3rd period - Slapshot by Steven Kampfer.
14:49 of 3rd period - Deflect By Michael Chaput.
14:49 of 3rd period - Shot Misses the Net.
14:49 of 3rd period - Puck is out of play.
14:50 of 3rd period - Jujhar Khaira wins face-off versus Peter Holland in Quebec Rempart zone.
14:56 of 3rd period - Penalty to Dmytro Timashov is over, Dmytro Timashov is back on ice.
15:32 of 3rd period - Wrist shot by Jujhar Khaira.
15:32 of 3rd period - Shot Misses the Net.
15:34 of 3rd period - Wrist shot by Ryan Kujawinski.
15:34 of 3rd period - Stopped by David Rittich without a rebound.
15:35 of 3rd period - Dan DeSalvo wins face-off versus Tyler Bertuzzi in Rochester Americans zone.
15:40 of 3rd period - Backhand shot by Ryan Kujawinski.
15:40 of 3rd period - Shot Misses the Net.
15:42 of 3rd period - Slapshot by Andrew Bodnarchuk.
15:42 of 3rd period - Stopped by David Rittich without a rebound.
15:43 of 3rd period - Seth Griffith wins face-off versus Lauri Korpikoski in Rochester Americans zone.
15:43 of 3rd period - Seth Griffith is hit by Ryan Kujawinski.
16:16 of 3rd period - Backhand shot by Yohann Auvitu.
16:16 of 3rd period - Deflect By Joe Morrow.
16:16 of 3rd period - Stopped by David Rittich with a rebound.
16:48 of 3rd period - Tyler Bertuzzi is hit by Roland McKeown and loses puck.
17:41 of 3rd period - Dan DeSalvo is hit by Peter Holland.
18:33 of 3rd period - Dmytro Timashov is hit by Jarred Tinordi and loses puck.
18:45 of 3rd period - Minor Penalty to Philip Samuelsson for Roughing.
18:46 of 3rd period - Lauri Korpikoski wins face-off versus Peter Holland in Rochester Americans zone.
18:49 of 3rd period - Snap shot by Jujhar Khaira.
18:49 of 3rd period - Shot Misses the Net.
18:51 of 3rd period - Slapshot by Yohann Auvitu.
18:51 of 3rd period - Shot Blocked by Brett Lernout.
18:53 of 3rd period - Wrist shot by Yohann Auvitu.
18:53 of 3rd period - Stopped by David Rittich with a rebound.
18:55 of 3rd period - Snap shot by Jujhar Khaira.
18:55 of 3rd period - Shot Misses the Net.
19:11 of 3rd period - Joe Morrow is hit by Dmytro Timashov and loses puck.
Goals for this period are 2 for Quebec Rempart vs 0 for Rochester Americans.
Shots for this period are 11 for Quebec Rempart vs 8 for Rochester Americans.